 Dungeon Crawl Stone Soup version 0.16-a0-4038-ge07a62f (webtiles) character file.

128 BluebellGnoll the Sneak (level 4, 0/23 HPs)
             Began as a Spriggan Abyssal Knight on Feb 19, 2015.
             Was a Priest of Lugonu.
             Hit by a silver tomahawk thrown by an orc (5 damage)
             ... on level 4 of the Dungeon.
             The game lasted 00:13:58 (3364 turns).

BluebellGnoll the Sneak (Spriggan Abyssal Knight)   Turns: 3364, Time: 00:13:58

Health: 0/23       AC:  2    Str:  8    XL:     4   Next: 87%
Magic:  8/9        EV: 24    Int: 14    God:    Lugonu [***...]
Gold:   218        SH:  0    Dex: 20    Spells: 0 memorised, 3 levels left

rFire  . . .     SeeInvis +     a - +1 short sword
rCold  . . .     Clarity  .     b - +0 robe
rNeg   . . .     SustAb   .     (shield restricted)
rPois  .         Gourm    .     (helmet restricted)
rElec  .         Spirit   .     (no cloak)
rCorr  .         Warding  .     (gloves unavailable)
rMut   .         Stasis   .     (boots unavailable)
MR     .....                    (no amulet)
Stlth  +++++.....               (no ring)
                                (no ring)

@: agile, very quick, not resistant to hostile enchantments, quite stealthy
A: unfitting armour, see invisible, herbivore 3, speed 3, slow metabolism 2
a: Depart the Abyss, Bend Space, Banish, Renounce Religion


You were on level 4 of the Dungeon.
You worshipped Lugonu.
Lugonu was most pleased with you.
You were not hungry.

You visited 1 branch of the dungeon, and saw 4 of its levels.
You visited the Abyss 1 time.

You collected 218 gold pieces.

Inventory:

Hand weapons
 a - a +1 short sword (weapon)
 h - a +4 hand axe
Missiles
 d - 17 poisoned sling bullets
 f - 22 stones (quivered)
 i - 26 sling bullets
Armour
 b - a +0 robe (worn)
Scrolls
 e - 2 scrolls of fear
 k - a scroll of blinking {unknown}
 m - a scroll of enchant armour {unknown}
 n - a scroll of remove curse {unknown}
 p - a scroll of teleportation
 r - a scroll of random uselessness {unknown}
 s - a scroll of enchant weapon
Potions
 j - 2 potions of brilliance
Comestibles
 c - 4 bread rations
 q - 5 fruits


   Skills:
 - Level 2.4 Fighting
 + Level 3.2 Short Blades
 - Level 0.6 Armour
 - Level 3.0 Dodging
 - Level 6.4 Stealth
 - Level 1.7 Invocations


You had 3 spell levels left.
You didn't know any spells.

Dungeon Overview and Level Annotations

Branches:
Dungeon (4/15)             Temple (0/1) D:4

Altars:
Ashenzari
Dithmenos
Gozag
Xom


Innate Abilities, Weirdness & Mutations

You are tiny and cannot use many weapons and most armour.
You have supernaturally acute eyesight.
You are a herbivore.
You cover ground extremely quickly.
You need consume almost no food.


Message History

Unknown command.
Drink which item? (? for menu, Esc to quit)
It was a potion of cure mutation.
It has a very clean taste.
The orc wizard misses you.
Drink which item? (? for menu, Esc to quit)
It was a potion of curing.
You feel better.
The orc wizard mumbles some strange words.
You feel a wave of unholy energy pass over you.
The orc wizard points at you and mumbles some strange words.
The puff of frost hits you!
Drink which item? (? for menu, Esc to quit)
It was a potion of agility.
You feel agile all of a sudden. The orc wizard barely misses you.
Use which ability? (? or * to list) Space bends around you!
You blink.
* * * LOW HITPOINT WARNING * * *
You feel slightly more hungry.
The orc throws a silver tomahawk.
The silver tomahawk hits you.
You die...

... . . ..
#...#.... .
..
.#.........
.#
......#.#..
.#
#...........
### <#
#...........#
#.. .#
#...........'
#.. .#
#...........#
#.. ..
#...@.......#
#.. .#
#.#+#.......#
#####.. .#
#.#.......
#...'.. ..
#....oo###
#.###.. ##
#.#.# #.# #..
.o#ยง# #.#
### #.#.# #.#
#.#.# #.#
#.#.# #.#


You could see an orc wizard and 2 orcs.

Vanquished Creatures
  A giant frog skeleton (D:4)
  A worker ant (D:3)
  2 adders (D:3)
  2 worms
  An adder skeleton (D:4)
  A giant gecko (D:3)
  An orc (D:3)
  A giant cockroach (D:1)
  5 hobgoblins
  3 jackals (D:1)
  A ball python (D:3)
  5 bats
  9 giant newts
  7 goblins
  3 kobolds
  9 rats
52 creatures vanquished.

Notes
Turn   | Place    | Note
--------------------------------------------------------------
     0 | Abyss:1  | BluebellGnoll, the Spriggan Abyssal Knight, began the quest for the Orb.
     0 | Abyss:1  | Reached XP level 1. HP: 11/11 MP: 2/2
   110 | D:1      | Escaped the Abyss
   247 | D:1      | Reached skill level 1 in Stealth
   467 | D:1      | Reached XP level 2. HP: 13/16 MP: 4/4
  1013 | D:2      | Acquired Lugonu's second power
  1333 | D:2      | Reached skill level 4 in Stealth
  1548 | D:3      | Reached XP level 3. HP: 19/19 MP: 6/6
  1610 | D:3      | Found a shimmering altar of Xom.
  1651 | D:3      | Reached skill level 5 in Stealth
  1754 | D:3      | Found a shattered altar of Ashenzari.
  2078 | D:3      | Found an opulent altar of Gozag.
  2383 | D:3      | Reached XP level 4. HP: 10/23 MP: 9/9
  2672 | D:3      | Acquired Lugonu's third power
  2681 | D:3      | Found a shadowy altar of Dithmenos.
  2935 | D:4      | Found a staircase to the Ecumenical Temple.
  3254 | D:4      | Reached skill level 6 in Stealth
  3364 | D:4      | Hit by a silver tomahawk thrown by an orc

Action                   |  1- 3 |  4- 6 || total
-------------------------+-------+-------++-------
Melee: Short sword       |   118 |    48 ||   166
Throw: Stone             |    31 |    23 ||    54
Invok: Bend Space        |       |     1 ||     1
  Use: Scroll            |     5 |     1 ||     6
       Potion            |       |     3 ||     3
 Stab: Sleeping          |     9 |     2 ||    11
       Distracted        |       |     1 ||     1
